 Dungeon Crawl Stone Soup version 0.14.0-12-g87ee3b7 (webtiles) character file.

36120 Leibowitz the Impaler (level 13, -5/98 HPs)
             Began as a Merfolk Gladiator on Apr 13, 2014.
             Was the Champion of Dithmenos.
             Slain by a shadow (14 damage)
             ... on Level 2 of the Swamp on Apr 15, 2014.
             The game lasted 01:49:30 (20750 turns).

Leibowitz the Impaler (Merfolk Gladiator)          Turns: 20750, Time: 01:49:30

HP  -5/98        AC  5     Str 20      XL: 13   Next: 80%
MP  18/18        EV 39     Int  5      God: Dithmenos [******]
Gold 1264        SH  0     Dex 26      Spells:  0 memorised, 12 levels left

rFire  . . .     SeeInvis .     h - +1,+2 trident (pierce)
rCold  . . .     Clarity  .     G - +2 robe of the Mutiny {Int-3 Acc+4}
rNeg   + . .     Conserve .     (no shield)
rPois  .         rCorr    .     (helmet restricted)
rElec  .         rRot     .     Q - +0 cloak
SustAb . .       Spirit   .     J - +0 pair of gloves {Str+3}
rMut   .         Warding  .     q - melded +1 pair of boots
Saprov . . .     Stasis   .     j - amulet "Tityewoe" {+Rage Str+2 Acc+6}
MR     .....                    W - ring of positive energy
                                I - +5 ring of dexterity

@: wreathed by umbra, very quick, not resistant to hostile enchantments,
incredibly stealthy
A: change form in water, swift swim, horns 1, agile 1, deformed body, fast
metabolism 1, frail 1, screaming 1, wild magic 1
a: Shadow Step, Shadow Form, Renounce Religion, Evoke Berserk Rage


You were on level 2 of the Swamp.
You worshipped Dithmenos.
Dithmenos was exalted by your worship.
You were not hungry.

You visited 5 branches of the dungeon, and saw 24 of its levels.
You also visited: Ossuary and Bailey.

You collected 1696 gold pieces.
You spent 432 gold pieces at shops.

Inventory:

Hand weapons
 a - a +1,+1 trident
 b - a +0 blowgun
 h - a +1,+2 trident of piercing (weapon)
Missiles
 d - 3 throwing nets
 m - 14 darts of frost
 t - a poisoned tomahawk
 w - 38 poisoned needles
 D - 2 poisoned javelins (quivered)
Armour
 q - a +1 pair of boots (melded)
 G - the +2 robe of the Mutiny (worn) {Int-3 Acc+4}
   (You found it on level 10 of the Dungeon)

   It affects your intelligence (-3).
   It affects your accuracy with ranged weapons and melee attacks (+4).
 J - a +0 pair of gloves of strength (worn)
 Q - a +0 cloak (worn)
Magical devices
 r - a wand of draining (1)
 u - a wand of disintegration (19)
 v - a wand of confusion (9)
 z - a wand of polymorph (8)
 E - a wand of disintegration (6)
 H - a wand of lightning (4)
 T - a wand of fire (10) {unknown}
Comestibles
 f - 12 bread rations
 g - a royal jelly
 p - 5 meat rations
 S - 8 apples
Scrolls
 c - 3 scrolls of remove curse
 e - 2 scrolls of recharging
 i - 7 scrolls of identify
 l - a scroll of enchant armour
 n - a scroll of enchant weapon I
 o - 5 scrolls of teleportation
 s - 3 scrolls of enchant weapon II
 y - 3 scrolls of fear
 L - a scroll of amnesia
 M - 3 scrolls of summoning
 N - 2 scrolls of vulnerability
 P - a scroll of magic mapping
 V - 2 scrolls of fog
Jewellery
 j - the amulet "Tityewoe" (around neck) {+Rage Str+2 Acc+6}
   (You found it on level 5 of the Dungeon)

   [amulet of rage]

   It affects your strength (+2).
   It affects your accuracy with ranged weapons and melee attacks (+6).
 B - an uncursed ring of sustenance
 C - an uncursed ring of protection from cold
 F - a cursed amulet of resist mutation
 I - a +5 ring of dexterity (left hand)
 K - an uncursed ring of invisibility
 W - a ring of positive energy (right hand)
Potions
 k - 4 potions of curing
 x - a potion of flight
 A - 2 potions of agility
 O - 2 potions of heal wounds
 R - 2 potions of restore abilities
 U - a potion of brilliance


   Skills:
 * Level 12.3 Fighting
 + Level 16.9 Polearms
 + Level 3.5 Throwing
 + Level 3.8 Armour
 + Level 16.5 Dodging
 * Level 8.4 Stealth
 + Level 2.6 Evocations


You had 12 spell levels left.
You didn't know any spells.

Dungeon Overview and Level Annotations

Branches:
Dungeon (11/15)            Temple (1/1) D:5             Orc (4/4) D:11
    Elf (0/3) Orc:4          Lair (6/8) D:8           Swamp (2/5) Lair:5
 Spider (0/5) Lair:3
  Slime: Lair:6-8

Altars:
Ashenzari
Cheibriados
Dithmenos
Elyvilon
Fedhas
Kikubaaqudgha
Makhleb
Nemelex Xobeh
Okawaru
Sif Muna
Xom
Yredelemnul
Zin
The Shining One

Shops:
D:5 ?   D:10 %   Orc:3 [   Orc:4 :

Annotations:
D:6 hunterx7d's ghost, experienced SpAs
D:11 Josephine


Innate Abilities, Weirdness & Mutations

You revert to your normal form in water.
You are very nimble and swift while swimming.
You have a pair of small horns on your head.
You are agile. (Dex +2)
Armour fits poorly on your strangely shaped body.
You have a fast metabolism.
You are frail (-10% HP).
You occasionally shout uncontrollably.
Your spells are a little harder to cast, but a little more powerful.


Message History

The five-headed hydra completely misses you.
You puncture the water moccasin!
You headbutt the water moccasin, but do no damage.
The water moccasin is almost dead.
The water moccasin completely misses you.
You hit the water moccasin.
You kill the water moccasin!
Dithmenos accepts your kill. The shadow closely misses you.
The five-headed hydra misses you. The five-headed hydra misses you.
The five-headed hydra completely misses you. x2
The five-headed hydra closely misses you.
The giant leech bites you!
* * * LOW HITPOINT WARNING * * *
The giant leech draws strength from your injuries!
You barely miss the giant leech. Your headbutt misses the giant leech.
Your tail-slap misses the giant leech.
The giant leech is severely wounded.
The shadow hits you!
You die...

..♣ ...≈♣
≈...§.♣♣
≈≈%.....♣♣♣♣
≈≈....≈≈..≈♣♣
.....§≈≈.≈≈.♣
≈.≈§..§§§w§≈≈♣♣
♣♣
...≈..§§@§§≈§≈♣
..♣
.♣.≈≈.§§pD§.<♣
..
♣./.≈§§§§§≈≈♣♣§♣
♣♣..≈..§§§≈≈..♣
♣♣♣.....≈≈≈..≈♣
♣≈.≈≈≈≈§....♣
♣.≈≈≈≈≈≈....♣
..≈≈≈≈.....≈♣
....≈≈≈≈≈♣♣♣


You could see a five-headed hydra, a giant leech and a shadow.

Vanquished Creatures
  2 alligators (Swamp:1)
  3 hydras (Swamp:1)
  3 swamp dragons (Swamp:1)
  Pikel (D:8)
  A deep troll (D:10)
  2 orc knights
  A cyclops (Orc:3)
  A queen ant (D:10)
  A gargoyle (D:10)
  5 black mambas
  7 spiny frogs
  A fire drake (Lair:5)
  A centaur zombie (D:10)
  2 komodo dragons (Lair:3)
  2 giant leeches (Swamp:1)
  2 bog bodies (Swamp:1)
  A hydra skeleton (D:11)
  2 ravens (Swamp:1)
  8 trolls (D:10)
  A giant firefly (Swamp:1)
  Prince Ribbit (D:4)
  3 slime creatures (Swamp:1)
  6 blink frogs (Lair:5)
  A spriggan (Swamp:1)
  8 sharks
  15 yaks
  6 hippogriffs
  2 deep elf magi
  A hungry ghost (D:11)
  A steam dragon (D:11)
  A hill giant skeleton (D:11)
  A deep elf fighter (D:8)
  5 swamp worms (Swamp:1)
  8 water moccasins
  Edmund (D:5)
  Menkaure (D:7)
  12 wolves
  2 wargs
  7 porcupines
  4 soldier ants (D:10)
  A swamp drake (Swamp:1)
  5 sky beasts
  A black bear (Lair:1)
  An ice beast (D:6)
  A yellow wasp (Lair:3)
  A lava worm (D:11)
  3 giant goldfish
  12 orc warriors
  3 centaurs
  7 ogres
  A boring beetle (shapeshifter) (D:8)
  10 giant frogs
  12 giant slugs
  A big kobold (D:10)
  8 crocodiles
  A troll zombie (D:11)
  2 hippogriff zombies
  An eye of draining (D:8)
  6 electric eels
  5 scorpions
  3 wights (D:8)
  A troll skeleton (D:8)
  4 goliath beetles
  4 crimson imps
  A lava snake (D:10)
  9 orc priests
  2 giant frog skeletons
  4 hounds
  An iguana (shapeshifter) (D:8)
  A two-headed ogre zombie (D:9)
  23 worker ants
  A quasit (D:5)
  5 big fish (Lair:5)
  12 iguanas
  A two-headed ogre skeleton (D:7)
  17 orc wizards
  6 mummies (Ossuary)
  35 green rats
  A worker ant zombie (D:11)
  11 adders
  7 gnolls
  An inept feature mimic (D:10)
  A shadow imp (D:5)
  9 worms
  An adder skeleton (D:9)
  An orc simulacrum (D:11)
  5 giant geckos
  An ooze (D:3)
  96 orcs
  2 ball pythons
  31 bats
  5 giant cockroaches
  A gnoll skeleton (D:4)
  3 gnoll zombies (Ossuary)
  18 goblins
  19 hobgoblins
  37 jackals
  24 kobolds
  10 quokkas
  8 giant newts
  A giant spore (D:11)
  A hobgoblin zombie (Ossuary)
  A jackal zombie (D:5)
  5 orc zombies
  31 rats
  A rat zombie (D:7)
  2 ballistomycetes (D:11)
  A plant (Lair:5)
680 creatures vanquished.

Vanquished Creatures (others)
  A slave (D:8)
  2 hobgoblins
  A giant spore (D:8)
  A kobold (D:10)
5 creatures vanquished.

Grand Total: 685 creatures vanquished

Notes
Turn   | Place    | Note
--------------------------------------------------------------
     0 | D:1      | Leibowitz, the Merfolk Gladiator, began the quest for the Orb.
     0 | D:1      | Reached XP level 1. HP: 16/16 MP: 1/1
   285 | D:1      | Reached XP level 2. HP: 16/22 MP: 2/2
   673 | D:2      | Reached skill level 5 in Polearms
   736 | D:2      | Reached XP level 3. HP: 26/28 MP: 3/3
   911 | D:2      | Reached skill level 5 in Dodging
  1067 | D:2      | Reached XP level 4. HP: 9/34 MP: 4/4
  1867 | D:3      | Reached skill level 6 in Dodging
  2138 | D:3      | Reached XP level 5. HP: 39/39 MP: 5/5
  2622 | D:4      | Reached skill level 1 in Armour
  2622 | D:4      | Reached XP level 6. HP: 36/47 MP: 6/6
  2639 | D:4      | Found a sand-covered staircase.
  2646 | Ossuary  | Entered an ossuary
  2776 | Ossuary  | Reached skill level 7 in Dodging
  2930 | Ossuary  | Gained mutation: You are agile. (Dex +2) [potion of beneficial mutation]
  3110 | D:4      | Noticed Prince Ribbit
  3125 | D:4      | Killed Prince Ribbit
  3125 | D:4      | Reached skill level 1 in Evocations
  3125 | D:4      | Reached XP level 7. HP: 14/54 MP: 6/8
  3464 | D:4      | Gained mutation: You have a pair of small horns on your head. [potion of mutation]
  3464 | D:4      | Gained mutation: You occasionally shout uncontrollably. [potion of mutation]
  3464 | D:4      | Gained mutation: Your spells are a little harder to cast, but a little more powerful. [potion of mutation]
  3465 | D:4      | Gained mutation: Your mind is acute. (Int +2) [potion of mutation]
  3465 | D:4      | Gained mutation: You have a fast metabolism. [potion of mutation]
  3465 | D:4      | Gained mutation: You are frail (-10% HP). [potion of mutation]
  3466 | D:4      | Lost mutation: Your mind is acute. (Int +2) [potion of mutation]
  3466 | D:4      | Gained mutation: Armour fits poorly on your strangely shaped body. [potion of mutation]
  3784 | D:4      | Found a glowing silver altar of Zin.
  3829 | D:5      | Entered Level 5 of the Dungeon
  3844 | D:5      | Got a vibrating bronze amulet
  3845 | D:5      | Identified the amulet "Tityewoe" {+Rage Str+2 Acc+6} (You found it on level 5 of the Dungeon)
  4273 | D:5      | Found a deep blue altar of Sif Muna.
  4320 | D:5      | Reached skill level 8 in Dodging
  4434 | D:5      | Found Niroacza's Magic Scroll Shop.
  4671 | D:5      | Reached XP level 8. HP: 44/54 MP: 10/10
  4732 | D:5      | Reached skill level 5 in Fighting
  4823 | D:5      | Noticed Edmund
  4838 | D:5      | Killed Edmund
  4995 | D:5      | Found a staircase to the Ecumenical Temple.
  5005 | Temple   | Entered the Ecumenical Temple
  5092 | Temple   | Became a worshipper of Dithmenos the Shadowed
  5204 | D:5      | Reached skill level 9 in Dodging
  5280 | D:6      | Noticed hunterx7d's ghost (experienced SpAs)
  5916 | D:7      | Reached XP level 9. HP: 57/62 MP: 11/11
  6021 | D:7      | Reached skill level 10 in Dodging
  6072 | D:7      | Noticed Menkaure
  6075 | D:7      | Killed Menkaure
  7015 | D:8      | Found a shimmering altar of Xom.
  7016 | D:8      | Found a shimmering altar of Xom.
  7016 | D:8      | Found a shimmering altar of Xom.
  7016 | D:8      | Found a shimmering altar of Xom.
  7016 | D:8      | Found a shimmering altar of Xom.
  7018 | D:8      | Noticed a harpy
  7018 | D:8      | a boggart changed into a harpy
  7066 | D:8      | Noticed Pikel
  7097 | D:8      | Killed Pikel
  7148 | D:8      | Reached skill level 11 in Dodging
  7175 | D:8      | Reached skill level 10 in Polearms
  7446 | D:8      | Acquired Dithmenos' first power
  7461 | D:8      | Reached XP level 10. HP: 67/72 MP: 13/13
  7727 | D:8      | Found a staircase to the Lair.
  8163 | D:9      | Acquired Dithmenos' second power
  8341 | D:9      | Got an ancient falchion
  8342 | D:9      | Identified the +4,+8 falchion of Honour {flame, rC+} (You found it on level 9 of the Dungeon)
  8445 | D:10     | Entered Level 10 of the Dungeon
  8939 | D:10     | Found Strism's Food Shoppe.
  9044 | D:10     | Reached skill level 12 in Dodging
  9415 | D:10     | Got a crude robe
  9422 | D:10     | Identified the +2 robe of the Mutiny {Int-3 Acc+4} (You found it on level 10 of the Dungeon)
  9495 | D:10     | Found a portal to a secret trove of treasure.
  9502 | D:10     | the portal to a secret trove of treasure was a mimic.
  9768 | D:10     | Noticed a deep troll
  9794 | D:10     | Reached XP level 11. HP: 61/78 MP: 15/15
  9813 | D:10     | Killed a deep troll
  9813 | D:10     | Reached skill level 13 in Polearms
 10103 | D:10     | Acquired Dithmenos' third power
 11135 | D:11     | Reached skill level 14 in Polearms
 11307 | D:11     | Found a staircase to the Orcish Mines.
 11310 | D:11     | Noticed Josephine
 11340 | Orc:1    | Entered Level 1 of the Orcish Mines
 12556 | Orc:2    | Acquired Dithmenos' fourth power
 12687 | Orc:3    | Noticed an orc knight
 12705 | Orc:3    | Killed an orc knight
 12874 | Orc:3    | Found a flagged portal.
 12888 | Orc:3    | Reached skill level 10 in Fighting
 12891 | Bailey   | Entered a bailey
 12981 | Bailey   | Noticed an orc knight
 13011 | Bailey   | Killed an orc knight
 13279 | Bailey   | Found a burning altar of Makhleb.
 13555 | Orc:3    | Found Wymanniz's Antique Armour Boutique.
 13565 | Orc:3    | Bought a faintly humming scale mail for 288 gold pieces
 13565 | Orc:3    | Bought a pair of runed gloves for 144 gold pieces
 13577 | Orc:3    | Identified the cursed -3 scale mail "Hymyuc" {Int+3} (You bought it in a shop on level 3 of the Orcish Mines)
 13755 | Orc:4    | Entered Level 4 of the Orcish Mines
 13755 | Orc:4    | Found Xatwea's Book Shop.
 13909 | Orc:4    | Found a staircase to the Elven Halls.
 13911 | Orc:4    | Reached XP level 12. HP: 80/87 MP: 17/17
 13943 | Orc:4    | Noticed an orc high priest
 14145 | Lair:1   | Entered Level 1 of the Lair of Beasts
 14160 | Lair:1   | Reached skill level 15 in Polearms
 15235 | Lair:2   | Reached skill level 15 in Dodging
 15373 | Lair:2   | Reached skill level 1 in Stealth
 16481 | Lair:3   | Reached skill level 16 in Polearms
 16623 | Lair:3   | Found a hole to the Spider Nest.
 17192 | Lair:4   | Reached skill level 5 in Stealth
 17346 | Lair:4   | Reached XP level 13. HP: 89/95 MP: 18/18
 17431 | Lair:4   | Paralysed by a potion of paralysis for 6 turns
 17775 | Lair:5   | Found a staircase to the Swamp.
 19176 | Swamp:1  | Entered Level 1 of the Swamp
 19425 | Swamp:1  | Upgraded the game from 0.14.0-7-g2801ba0 to 0.14.0-12-g87ee3b7
 20490 | Swamp:1  | Got a pair of fine gloves
 20494 | Swamp:1  | Identified the cursed -3 pair of gloves of Existentialism {+Inv Curse} (You found it on level 1 of the Swamp)
 20508 | Swamp:1  | Got a pitted scale mail
 20518 | Swamp:1  | Identified the cursed -4 scale mail of the Orb {rElec Int+4} (You found it on level 1 of the Swamp)
 20750 | Swamp:2  | Slain by a shadow

Action                   |  1- 3 |  4- 6 |  7- 9 | 10-12 | 13-15 || total
-------------------------+-------+-------+-------+-------+-------++-------
Melee: Trident           |   100 |   226 |   349 |  1415 |   365 ||  2455
Throw: Javelin           |       |     3 |    10 |    10 |       ||    23
       Tomahawk          |       |       |       |     5 |       ||     5
       Throwing net      |       |       |       |     1 |       ||     1
Invok: Shadow Step       |       |       |       |     1 |       ||     1
Evoke: Wand              |       |     8 |     8 |     6 |     1 ||    23
  Use: Potion            |       |     9 |     7 |    10 |     3 ||    29
       Scroll            |       |       |    17 |     9 |     2 ||    28
 Stab: Sleeping          |       |     1 |     4 |    38 |    14 ||    57
       Distracted        |       |       |       |    10 |     2 ||    12
       Held in net/web   |       |       |       |     3 |       ||     3
